 Dungeon Crawl Stone Soup version 0.32-a0-290-g598725c5f2 (webtiles) character file.

Game seed: 3506373235736275392

88 Bravepunisher the Ducker (level 4, -1/24 HPs)
             Began as a Spriggan Monk on Feb 13, 2024.
             Was a Follower of Okawaru.
             Slain by Ijyb
             ... wielding a +0 club
              (7 damage)
             ... on level 3 of the Dungeon.
             The game lasted 00:05:56 (2294 turns).

Bravepunisher the Ducker (Spriggan Monk)            Turns: 2294, Time: 00:05:56

Health: -1/24      AC:  2    Str:  7    XL:     4   Next: 30%
Magic:  6/7        EV: 24    Int: 11    God:    Okawaru [*.....]
Gold:   132        SH:  0    Dex: 19    Spells: 3/3 levels left

rFire   . . .        a - +0 short sword
rCold   . . .        (no shield)
rNeg    . . .        b - +0 robe
rPois   .            (helmet restricted)
rElec   .            (no cloak)
rCorr   .            (gloves unavailable)
SInv    +            (boots unavailable)
Will    +....        c - amulet of faith
Stlth   +++          (no ring)
HPRegen 0.24/turn    (no ring)
MPRegen 0.10/turn

%: faith
@: heroic, enlightened, flying, hasted, very quick
A: very small, no large weapons, unfitting armour, see invisible, speed 3
a: Renounce Religion, Heroism


You were on level 3 of the Dungeon.
You worshipped Okawaru.
Okawaru was aware of your devotion.
You visited 2 branches of the dungeon, and saw 6 of its levels.

You collected 132 gold pieces.

Inventory:

Hand Weapons
 a - a +0 short sword (weapon)
Armour
 b - a +0 robe (worn)
Jewellery
 c - an amulet of faith (around neck)
Scrolls
 d - a scroll of immolation {unknown}
 f - a scroll of teleportation {unknown}
 i - a scroll of identify {unknown}
 j - a scroll of blinking {unknown}
 k - a scroll of noise {unknown}


   Skills:
 + Level 3.1(8.1) Fighting
 - Level 3.2(8.2) Short Blades
 - Level 4.0(9.0) Dodging
 * Level 3.2 Invocations


You had 3 spell levels left.
You didn't know any spells.
Your spell library contained the following spells:

 Spells                   Type           Power      Damage    Failure   Level
 Shock                    Conj/Air       0%         1d3       34%         1
 Dazzling Flash           Conj/Hex       0%         N/A       71%         3
 Mephitic Cloud           Conj/Alch/Air  0%         N/A       71%         3
 Swiftness                Air            0%         N/A       71%         3
 Airstrike                Air            0%         2d(0-16)  98%         4
 Curse of Agony           Necr           0%         N/A       100%        5
 Silence                  Hex/Air        0%         N/A       100%        5


Dungeon Overview and Level Annotations

Branches:
Dungeon (5/15)             Temple (1/1) D:4

Altars:
Dithmenos
Elyvilon
Gozag
Nemelex Xobeh
Okawaru
Qazlal
Ru
Sif Muna
Trog
Vehumet
Wu Jian
Xom
Yredelemnul

Annotations:
D:3 1 runed translucent door, Crazy Yiuf, Ijyb


Innate Abilities, Weirdness & Mutations

You are very small and have problems with some larger weapons.
You are too small for most types of armour.
You have supernaturally acute eyesight. (SInv)
You cover ground extremely quickly. (Speed+++)


Message History

You hit Ijyb.
Ijyb is moderately wounded.
Ijyb zaps a wand.
The puff of flame hits you!
* * * LOW HITPOINT WARNING * * *
It was a potion of curing.
You feel better.
Ijyb zaps a wand.
The puff of flame misses you.
It was a potion of heal wounds.
You feel much better. Ijyb misses you.
It was a potion of haste.
You feel yourself speed up.
Ijyb zaps a wand.
The puff of flame misses you.
You barely miss Ijyb.
Ijyb is moderately wounded.
You hit Ijyb but do no damage.
Ijyb is moderately wounded.
Ijyb completely misses you.
You hit Ijyb but do no damage.
Ijyb is moderately wounded.
You hit Ijyb.
Ijyb is heavily wounded.
Ijyb barely misses you.
You hit Ijyb.
Ijyb is severely wounded.
You hit Ijyb.
Ijyb is severely wounded.
You barely miss Ijyb.
Ijyb is severely wounded.
Ijyb hits you with a +0 club.
You hit Ijyb but do no damage.
Ijyb is severely wounded.
You barely miss Ijyb.
Ijyb is severely wounded.
Ijyb zaps a wand.
The puff of flame hits you!
Ouch! That really hurt!
* * * LOW HITPOINT WARNING * * *
You closely miss Ijyb.
Ijyb is severely wounded.
It was a potion of enlightenment.
You feel very buoyant.
You fly up into the air.
Ijyb hits you with a +0 club!
You die...
Ijyb screams, "Good help so hard to find!"

..# ######## .. # #######...)..#
..#.. ........####.# ...#
†#####.......# ... ..#
.##.......##.#####.#.....
....##..#...............
.#.###..#.......>#....# #..
..#.##.......###@##... ....
.###.........###g##.## #...#
#.#.######.####......# #...###
##.####.......#..##..# #...g..
.#.##...(..##.#..##..#####...####
.#.##......##.#..................
....#......##.#.##...........!...
....#.....###.#.##.#........S...$
....#....<###.#......###.#...#.##


You could see Ijyb.

Vanquished Creatures
  3 adders (D:2)
  2 dart slugs
  A ribbon worm (D:3)
  3 bats
  3 endoplasms
  5 goblins
  2 hobgoblins
  3 quokkas (D:2)
  5 ball pythons
  A frilled lizard (D:1)
  3 kobolds
  A rat (D:2)
32 creatures vanquished.

Notes
Turn   | Place    | Note
-------+----------+-------------------------------------------
     0 | D:1      | Bravepunisher the Spriggan Monk began the quest for the
                  | Orb.
     0 | D:1      | Reached XP level 1. HP: 11/11 MP: 2/2
    77 | D:5      | Entered Level 5 of the Dungeon
   128 | D:4      | Found a staircase to the Ecumenical Temple.
   131 | D:4      | Noticed an ogre
   136 | Temple   | Entered the Ecumenical Temple
   141 | Temple   | Became a worshipper of Warmaster Okawaru
   141 | Temple   | Reached * piety under Okawaru
   141 | Temple   | Reached ** piety under Okawaru
   221 | D:3      | Found a runed translucent door.
   222 | D:3      | Noticed Crazy Yiuf
   253 | D:3      | Noticed Ijyb
   288 | D:2      | Reached skill level 1 in Invocations
   321 | D:1      | Reached XP level 2. HP: 16/16 MP: 3/3
  1055 | D:1      | Reached XP level 3. HP: 17/19 MP: 5/5
  1496 | D:2      | Reached XP level 4. HP: 24/24 MP: 7/7
  2294 | D:3      | Slain by Ijyb

Illustrated notes

Levels and vault maps discovered:
D:1:      evilmike_arrival_hilbert_curve, layout_basic
D:2:      layout_basic, hangedman_glass_teeth
D:3:      layout_loops_cross, portal_sewer_entry_e, minmay_hedge_maze,
          minmay_increasing_density, uniq_sigmund, uniq_ijyb, uniq_jessica,
          uniq_crazy_yiuf_cottage
D:4:      layout_basic, tso_altar, minmay_temple_entry_arrows,
          gammafunk_ghost_stat_death, grunt_ministairs_8
D:5:      layout_gridville, mainiacjoe_overflow_paths, dk_noncrumbling_3,
          mrwooster_statue_mirror, uniq_menkaure
Temple:   nicolae_temple_bog_church

Skill      XL: |  1  2  3  4 |
---------------+-------------+-----
Invocations    | 1 2 3 |  3.2
Fighting       | 3 |  3.1
Short Blades   | |  3.2
Dodging        | |  4.0

Action                     |  1- 3 |  4- 6 || total
---------------------------+-------+-------++-------
  Melee: Short sword       |   124 |    52 ||   176
 Invoke: Heroism           |     2 |     1 ||     3
    Use: Potion            |     1 |     4 ||     5
   Stab: Sleeping          |     6 |       ||     6
 Armour: Robe              |    23 |    15 ||    38
  Dodge: Dodged            |    99 |    29 ||   128

Table legend: (Time is in decaauts)
 A = Elapsed time spent in this place.
 B = Non-inter-level travel time spent in this place.
 C = Inter-level travel time spent in this place.
 D = Time resting spent in this place.
 E = Time spent auto-exploring this place.
 F = Levels seen in this place.
 G = Mean time per level.
                   A        B        C        D        E       F      G
               +--------+--------+--------+--------+--------+-----+--------+
         Total |   1523 |   1474 |     49 |      0 |   1101 |   6 |  253.8 |
       Dungeon |   1516 |   1469 |     47 |      0 |   1101 |   5 |  303.2 |
        Temple |      7 |      5 |      2 |      0 |      0 |   1 |    7.0 |
               +--------+--------+--------+--------+--------+-----+--------+

Top non-repeatable levels by time:
     D:2: 655 daAuts
     D:1: 589 daAuts
     D:3: 199 daAuts
     D:4: 66 daAuts
  Temple: 7 daAuts
     D:5: 5 daAuts
